AoeStats
← whywhylai222

Lombardia

508625489Analyzed
4v4 RM · 10d ago on Sep 23, 2026· 52m 5s· 8 players
Game mode
Random Map
Map size
Large (8 player)
Population
200
Speed
Normal
Resources
Standard
Victory
Conquest
Starting age
Dark Age
Ending age
Imperial Age
RankedLock teamsTeams togetherTeam positionsShared explorationLock speedFull tech treeHidden civsTurbo modeCheats
Victory
Defeat
🇨🇳 Mongols · China
1501
+13
🇨🇳 Poles · China
1492
+14
🇳🇱 Varangians · Netherlands
1485
+14
🇨🇳 Persians · China
1362
+20
🇭🇰 Vietnamese · Hong Kong SAR China
1484
-17
🇭🇰 Saxons · Hong Kong SAR China
1461
-16
🇨🇳 Poles · China
1438
-15
🇨🇳 Celts · China
1388
-13
超级硬邦邦
6:43 Loom
9:32 Feudal Age
10:33 Double-Bit Axe
13:37 Horse Collar
20:04 Castle Age
21:07 Wheelbarrow
20:57 Husbandry
21:08 Bloodlines
21:30 Bow Saw
21:50 Heavy Plow
21:58 Scale Barding Armor
22:04 Forging
23:35 Chain Barding Armor
23:24 Stone Mining
23:52 Town Watch
25:51 Scale Mail Armor
26:29 Iron Casting
27:32 Gold Mining
30:31 Szlachta Privileges
33:16 Stone Shaft Mining
36:09 Imperial Age
33:56 Light Cavalry
36:29 Cavalier
38:23 Blast Furnace
37:45 Hand Cart
38:35 Conscription
39:49 Lechitic Legacy
39:57 Caravan
40:21 Winged Hussar
43:00 Fletching
43:10 Padded Archer Armor
44:21 Chemistry
44:20 Elite Skirmisher
44:59 Bodkin Arrow
45:30 Imperial Skirmisher
48:48 Thumb Ring
whywhylai222
8:02 Loom
11:06 Feudal Age
12:12 Double-Bit Axe
15:20 Castle Age
13:15 Horse Collar
16:24 Bow Saw
16:26 Heavy Plow
21:37 Wheelbarrow
21:00 Stone Mining
21:11 Gold Mining
30:02 Imperial Age
28:29 Hand Cart
28:00 Town Watch
28:41 Scale Mail Armor
28:52 Forging
28:55 Treadmill Crane
29:38 Squires
29:24 Gambesons
30:49 Masonry
31:01 Ballistics
32:26 Chain Mail Armor
32:47 Iron Casting
31:52 Shield Wall
33:25 Conscription
34:48 Gold Shaft Mining
34:57 Arson
35:18 Elite Varangian Guard
44:01 Plate Mail Armor
43:22 Fletching
44:50 Fortified Wall
45:11 Architecture
47:17 Caravan
lunkan
8:32 Loom
11:41 Feudal Age
15:31 Castle Age
13:44 Double-Bit Axe
14:41 Horse Collar
15:23 Gold Mining
16:22 Fletching
17:31 Bow Saw
18:24 Crossbowman
20:30 Heavy Plow
22:21 Wheelbarrow
23:00 Bodkin Arrow
25:21 Thumb Ring
35:51 Imperial Age
36:00 Arbalester
37:25 Bracer
37:26 Padded Archer Armor
37:59 Hand Cart
38:15 Pikeman
38:55 Stone Mining
39:50 Leather Archer Armor
44:15 Chemistry
43:35 Ballistics
44:03 Scale Mail Armor
44:13 Forging
44:33 Ring Archer Armor
44:09 Halberdier
44:55 Squires
48:28 Paper Money
49:47 Chain Mail Armor
50:07 Iron Casting
50:47 Two-Man Saw
knife
10:03 Feudal Age
13:38 Castle Age
11:57 Double-Bit Axe
12:14 Horse Collar
19:40 Bow Saw
22:04 Wheelbarrow
21:57 Loom
22:44 Heavy Plow
22:36 Gold Mining
23:51 Hand Cart
25:59 Scale Mail Armor
26:10 Forging
25:55 Fletching
29:28 Imperial Age
28:53 Gold Shaft Mining
28:08 Stone Mining
28:41 Ballistics
28:59 Bodkin Arrow
29:05 Padded Archer Armor
29:33 Pikeman
30:27 Scale Mail Armor
30:38 Forging
30:12 Halberdier
30:23 Capped Ram
31:40 Caravan
31:51 Guilds
32:48 Chain Mail Armor
33:30 Conscription
34:04 Iron Casting
34:47 Plate Mail Armor
34:59 Stronghold
36:21 Blast Furnace
36:34 Chemistry
35:38 Heavy Scorpion
38:41 Masonry
40:02 Hoardings
40:48 Furor Celtica
40:51 Siege Engineers
40:58 Fortified Wall
42:07 Siege Ram
43:52 Onager
48:03 Coinage
52:38 Banking
bommietommie
11:47 Feudal Age
10:09 Loom
15:23 Castle Age
13:18 Double-Bit Axe
13:42 Horse Collar
18:32 Heavy Plow
20:33 Bow Saw
23:52 Wheelbarrow
23:22 Husbandry
23:30 Scale Barding Armor
25:07 Chain Barding Armor
25:30 Bloodlines
28:39 Forging
30:20 Hand Cart
30:06 Town Watch
33:42 Town Patrol
36:18 Imperial Age
34:18 Gold Mining
36:34 Cavalier
37:51 Plate Barding Armor
38:10 Iron Casting
37:43 Stone Mining
37:28 Gothikon
39:18 Fortified Wall
38:50 Treadmill Crane
39:59 Fletching
41:10 Blast Furnace
42:36 Conscription
42:40 Ballistics
43:20 Chemistry
42:17 Bodkin Arrow
42:16 Capped Ram
46:23 Stone Shaft Mining
46:39 Town Patrol
47:06 Bracer
48:15 Chemistry
47:25 Masonry
48:02 Siege Engineers
47:53 Murder Holes
48:11 Masonry
48:49 Light Cavalry
50:58 Caravan
AoToA
10:19 Feudal Age
11:15 Loom
14:17 Castle Age
12:59 Fletching
13:09 Padded Archer Armor
13:29 Double-Bit Axe
16:11 Bodkin Arrow
20:37 Town Watch
21:38 Wheelbarrow
21:40 Husbandry
22:47 Horse Collar
24:23 Leather Archer Armor
26:27 Hand Cart
26:05 Town Watch
27:20 Bloodlines
31:29 Bow Saw
31:35 Scale Barding Armor
31:41 Forging
31:34 Heavy Plow
34:05 Imperial Age
32:39 Chain Barding Armor
33:59 Iron Casting
33:44 Heavy Camel Rider
33:44 Cavalier
35:00 Plate Barding Armor
35:46 Two-Man Saw
35:18 Crop Rotation
36:40 Chemistry
36:01 Ballistics
36:53 Blast Furnace
36:49 Conscription
37:04 Gold Mining
40:52 Gold Shaft Mining
40:08 Stone Mining
41:11 Savar
43:39 Ring Archer Armor
43:54 Caravan
45:09 Light Cavalry
46:14 Hussar
46:21 Hussar
48:44 Masonry
第一滴血
10:49 Feudal Age
15:03 Castle Age
14:17 Double-Bit Axe
14:12 Horse Collar
22:24 Wheelbarrow
22:09 Heavy Plow
23:35 Hand Cart
24:33 Bow Saw
25:23 Loom
25:59 Gold Mining
26:00 Stone Mining
27:21 Gold Shaft Mining
31:30 Imperial Age
28:53 Fletching
29:27 Ballistics
30:13 Bodkin Arrow
30:18 Padded Archer Armor
30:41 Town Watch
31:19 Caravan
32:02 Leather Archer Armor
31:48 Elite Mangudai
33:34 Chemistry
32:48 Capped Ram
33:30 Bracer
33:46 Thumb Ring
34:08 Parthian Tactics
36:28 Siege Ram
39:10 Scale Barding Armor
39:16 Forging
39:18 Bloodlines
39:09 Husbandry
38:33 Light Cavalry
41:57 Drill
41:58 Conscription
42:48 Hussar
43:49 Chain Barding Armor
44:05 Iron Casting
47:37 Fortified Wall
47:39 Masonry
48:06 Hoardings
51:18 Blast Furnace
53:03 Coinage
UU
2:31 Loom
11:17 Feudal Age
15:36 Castle Age
14:08 Double-Bit Axe
14:55 Horse Collar
21:04 Bow Saw
21:18 Heavy Plow
22:35 Stone Mining
23:30 Wheelbarrow
23:30 Gold Mining
26:28 Scale Barding Armor
26:34 Forging
27:02 Szlachta Privileges
27:05 Husbandry
28:14 Chain Barding Armor
28:39 Bloodlines
29:19 Iron Casting
34:01 Imperial Age
31:40 Town Watch
32:11 Hand Cart
32:11 Light Cavalry
34:07 Cavalier
35:49 Blast Furnace
34:11 Winged Hussar
35:34 Crop Rotation
35:28 Lechitic Legacy
35:28 Conscription
34:38 Capped Ram
38:54 Fletching
39:36 Coinage
39:06 Caravan
44:02 Bodkin Arrow
44:12 Siege Ram
46:51 Chemistry
46:11 Ballistics
46:02 Masonry
46:31 Banking
50:07 Siege Engineers
Connection lost

Rejoining the realm…

Still unreachable

The connection could not be restored.

Session expired

The server has moved on; the page needs a fresh start.